Map: [ESL] Site Delta

Players

Dark - Winner!

  • Race: Zerg Zerg
  • Spawn Location: 5:00

trigger

  • Race: Protoss Protoss
  • Spawn Location: 11:00

Event: ESL Spring 2024 Finals

VOD

Have the link to the VOD?

Description

Time

  • Played on: May 31, 2024, 4:35 p.m.
  • Length: 9:54

All games in this series

Show
View Real Time Build Order
Export as new Build Order

Dark Zerg - Winner!

Build Orders: Hatch First, Roach Hydra 

Get SALT Encoding   

  12  0:00  Drone  
  13  0:12  Overlord  
  13  0:17  Drone  
  14  0:30  Drone x2  
  16  0:48  Hatchery  
  15  0:53  Drone  
  15  0:56  Drone  
  17  0:59  Drone  
  18  1:09  Extractor  
  17  1:14  Spawning Pool  
  17  1:17  Drone  
  17  1:20  Drone  
  18  1:28  Drone  
  19  1:40  Drone  
  20  1:53  Drone  
  21  2:00  Queen  
  23  2:01  Queen  
  23  2:02  Zergling x2, Overlord  
  26  2:10  Metabolic Boost  
  26  2:12  Zergling x2  
  26  2:14  Drone  
  28  2:22  Drone x2  
  30  2:32  Drone  
  30  2:34  Drone  
  32  2:45  Hatchery, Queen  
  32  2:50  Overlord  
  33  2:53  Zergling x2  
  33  2:54  Zergling x2  
  33  2:57  Drone  
  36  3:04  Overlord  
  36  3:08  Queen  
  38  3:13  Zergling x4  
  38  3:14  Drone  
  38  3:15  Drone  
  40  3:32  Spore Crawler  
  40  3:33  Drone x2  
  41  3:34  Drone  
  41  3:35  Drone x2  
  41  3:38  Queen  
  46  3:41  Drone  
  46  3:47  Queen  
  49  3:50  Drone  
  49  3:51  Drone  
  49  3:53  Drone  
  51  3:56  Drone  
  51  3:59  Drone x2  
  51  4:00  Drone  
  55  4:07  Spore Crawler x2  
  55  4:09  Drone x2  
  55  4:10  Drone  
  55  4:14  Zergling x2  
  55  4:15  Zergling x2  
  57  4:19  Overlord  
  57  4:22  Overlord  
  57  4:26  Overlord  
  57  4:29  Lair  
  57  4:34  Drone  
  57  4:38  Drone x5  
  63  4:39  Drone  
  63  4:42  Drone  
  64  4:46  Drone  
  65  4:54  Extractor x2  
  65  4:57  Drone x7  
  70  5:02  Evolution Chamber  
  69  5:07  Zergling x6  
  71  5:14  Drone x2  
  71  5:19  Drone  
  72  5:22  Drone x3  
  72  5:24  Drone  
  72  5:26  Roach Warren, Drone x3  
  72  5:27  Overseer  
  78  5:31  Zerg Missile Weapons Level 1  
  78  5:33  Drone x2, Extractor  
  78  5:34  Drone, Extractor  
  78  5:35  Zergling x6  
  82  5:47  Overlord x2  
  82  5:48  Overlord x3  
  82  5:50  Hatchery  
  82  5:55  Extractor  
  80  5:57  Overlord  
  80  5:59  Drone x3  
  81  6:08  Roach  
  81  6:09  Roach x5  
  81  6:11  Glial Reconstitution  
  94  6:14  Hydralisk Den  
  93  6:20  Roach x3  
  93  6:21  Roach x3  
  93  6:22  Overseer  
  105  6:26  Drone x3  
  105  6:28  Extractor  
  107  6:33  Overlord  
  107  6:37  Drone x2  
  106  6:48  Drone x6  
  106  6:53  Hydralisk, Grooved Spines  
  106  6:54  Hydralisk x4  
  111  6:58  Hydralisk  
  111  6:59  Hydralisk  
  125  7:02  Hydralisk x2  
  128  7:09  Hydralisk x2  
  128  7:14  Hydralisk  
  128  7:15  Hydralisk  
  136  7:16  Zergling x10, Overlord  
  136  7:21  Hydralisk  
  143  7:26  Hydralisk  
  143  7:28  Overlord x5  
  143  7:37  Hydralisk x3  
  143  7:39  Drone  
  143  7:43  Muscular Augments  
  150  7:46  Overlord  
  150  7:47  Hydralisk x3  
  150  7:49  Roach  
  158  8:09  Hydralisk x2  
  158  8:10  Hydralisk x2  
  158  8:11  Roach  
  158  8:12  Roach  
  166  8:14  Zergling x18  
  166  8:18  Roach x2  
  166  8:19  Roach  
  181  8:20  Roach  
  181  8:22  Roach  
  181  8:24  Roach  
  187  8:28  Roach  
  187  8:29  Roach x2  
  187  8:31  Roach  
  195  8:35  Roach x2  
  195  8:39  Roach x2  
  196  8:42  Hydralisk x2  
  196  8:46  Roach  
  195  8:49  Hydralisk x2  
  195  8:54  Roach  
  199  8:56  Hydralisk  
  199  8:59  Hydralisk  
  197  9:05  Hydralisk x2  
  197  9:10  Hydralisk x2  
  197  9:14  Hydralisk  
  192  9:19  Roach  
  192  9:20  Roach x3  
  192  9:23  Roach x2  
Show
View Real Time Build Order
Export as new Build Order

trigger Protoss 

Build Orders: 1 Gate Expand, Oracle Opening 

Get SALT Encoding   

  12  0:00  Probe  
  13  0:12  Probe  
  14  0:18  Pylon  
  14  0:24  Probe (Chrono Boost)  
  15  0:36  Probe (Chrono Boost)  
  15  0:40  Gateway  
  16  0:45  Probe (Chrono Boost)  
  17  0:50  Probe  
  18  1:12  Nexus  
  18  1:17  Assimilator  
  18  1:21  Probe (Chrono Boost)  
  19  1:26  Assimilator  
  20  1:33  Probe (Chrono Boost)  
  20  1:39  Cybernetics Core  
  20  1:41  Probe (Chrono Boost)  
  21  1:51  Probe  
  21  1:53  Pylon  
  22  2:03  Probe  
  23  2:14  Adept (Chrono Boost)  
  24  2:15  Probe  
  26  2:24  Stargate  
  26  2:25  Probe  
  26  2:27  Probe  
  28  2:34  Adept (Chrono Boost)  
  30  2:37  Probe  
  30  2:40  Warp Gate  
  30  2:41  Probe  
  32  2:49  Probe  
  33  2:53  Probe  
  33  2:57  Adept  
  36  3:02  Probe  
  36  3:05  Probe  
  38  3:08  Oracle (Chrono Boost)  
  38  3:10  Pylon  
  41  3:14  Probe  
  41  3:17  Probe  
  42  3:26  Probe  
  42  3:29  Probe  
  39  3:38  Oracle (Chrono Boost), Gateway, Probe  
  43  3:41  Probe  
  44  3:50  Probe  
  44  3:53  Probe  
  46  3:59  Nexus  
  46  4:02  Probe  
  47  4:05  Probe, Pylon  
  48  4:14  Probe  
  48  4:16  Nexus  
  49  4:17  Probe, Pylon  
  50  4:24  Assimilator  
  50  4:26  Assimilator, Probe  
  50  4:28  Pylon  
  50  4:29  Probe  
  52  4:38  Gateway, Probe  
  52  4:39  Adept  
  52  4:40  Adept  
  52  4:41  Gateway  
  55  4:48  Probe  
  55  4:52  Twilight Council  
  56  4:54  Probe  
  56  4:56  Forge  
  57  5:00  Adept  
  57  5:03  Adept  
  59  5:07  Probe (Chrono Boost)  
  59  5:14  Protoss Ground Weapons Level 1  
  61  5:15  Probe (Chrono Boost)  
  61  5:19  Probe (Chrono Boost)  
  61  5:21  Stalker, Pylon  
  62  5:24  Probe (Chrono Boost)  
  62  5:25  Blink (Chrono Boost), Probe (Chrono Boost)  
  62  5:26  Shield Battery  
  66  5:29  Stalker  
  66  5:33  Probe, Pylon  
  69  5:38  Probe x2  
  71  5:49  Stalker x2  
  75  5:50  Stalker  
  75  5:57  Stalker  
  79  6:00  Probe x2  
  79  6:01  Shield Battery  
  81  6:04  Gateway  
  81  6:05  Gateway  
  81  6:12  Probe x2  
  81  6:14  Assimilator  
  81  6:17  Templar Archives  
  81  6:18  Assimilator  
  83  6:27  Probe  
  83  6:28  Probe x2  
  83  6:32  Pylon  
  86  6:34  Pylon  
  87  6:40  Probe x3  
  87  6:42  Psionic Storm  
  87  6:43  Robotics Facility  
  89  6:52  Probe x3  
  92  6:55  High Templar x2  
  96  7:06  High Templar  
  98  7:08  Photon Cannon  
  98  7:11  Shield Battery  
  98  7:13  Photon Cannon  
  98  7:14  Pylon, Photon Cannon  
  98  7:15  Pylon  
  98  7:18  Nexus  
  98  7:25  High Templar  
  98  7:26  High Templar  
  98  7:28  Protoss Ground Weapons Level 2  
  98  7:29  Probe  
  103  7:35  Shield Battery  
  103  7:36  Photon Cannon  
  103  7:37  Charge  
  103  7:38  Photon Cannon  
  103  7:40  Photon Cannon x2  
  103  7:42  Observer (Chrono Boost), Photon Cannon  
  103  7:43  Pylon  
  104  7:47  Zealot x2  
  108  7:56  Immortal (Chrono Boost)  
  108  8:02  Stalker x2  
  108  8:03  Stalker  
  108  8:11  Stalker x3  
  111  8:15  Shield Battery  
  111  8:16  Photon Cannon  
  111  8:22  Shield Battery  
  111  8:23  Shield Battery, Archon  
  111  8:24  Pylon  
  111  8:27  High Templar x2  
  111  8:30  Probe  
  111  8:31  Probe x3  
  119  8:36  Zealot x2  
  119  8:40  Zealot x2  
  127  8:43  Probe  
  123  8:57  Gateway  
  109  9:03  Zealot  
  109  9:04  Zealot x4  
  77  9:19  Stalker  
  75  9:25  Probe x3  
  75  9:28  Stalker x2  
  78  9:36  Stalker x2  
  78  9:37  Probe  
  79  9:39  Archon  
  79  9:41  Zealot  
  70  9:47  Zealot  
Tags
 
Add a new tag
Caveats
  • Supply blocks, unpowered buildings, or Contaminate may cause inaccurate times.
  • Supply counts are checked every 10 seconds.